 Dungeon Crawl Stone Soup version 0.22-a0-348-gd16d139 (webtiles) character file.

159 Amnesiac the Cutter (level 5, 0/26 HPs)
             Began as a Vine Stalker Gladiator on Apr 9, 2018.
             Was an Initiate of Okawaru.
             Slain by mortelune's ghost (2 damage)
             ... on level 3 of the Dungeon.
             The game lasted 00:03:19 (2097 turns).

Amnesiac the Cutter (Vine Stalker Gladiator)        Turns: 2097, Time: 00:03:20

Health: 0/26       AC: 12    Str: 17    XL:     5   Next: 40%
Magic:  0/6        EV:  5    Int:  8    God:    Okawaru [......]
Gold:   109        SH:  0    Dex: 16    Spells: 4/4 levels left

rFire    . . .     SeeInvis .   a - +0 rapier
rCold    . . .     Gourm    .   (no shield)
rNeg     . . .     Faith    .   v - +0 plate armour
rPois    .         Spirit   +   c - +0 helmet
rElec    .         Reflect  .   (no cloak)
rCorr    .         Harm     .   (no gloves)
MR       .....                  p - +0 pair of boots
Stlth    ..........             (no amulet)
HPRegen  0.48/turn              (no ring)
MPRegen  0.10/turn              (no ring)

@: hasted, drained, very quick
A: fangs 2, regeneration 1, magic shield, antimagic bite, no potion heal 3, rot
immunity
a: Renounce Religion


You were on level 3 of the Dungeon.
You worshipped Okawaru.
Okawaru was noncommittal.
You were not hungry.

You visited 1 branch of the dungeon, and saw 3 of its levels.

You collected 109 gold pieces.

Inventory:

Hand Weapons
 a - a +0 rapier (weapon)
Missiles
 d - 3 throwing nets
 g - 14 poisoned needles
 s - 8 needles of confusion
 t - 28 stones (quivered)
Armour
 c - a +0 helmet (worn)
 p - a +0 pair of boots (worn)
 v - a +0 plate armour (worn)
Scrolls
 b - a scroll of noise {!r, unknown}
 e - 3 scrolls of enchant armour {!r, unknown}
 k - a scroll of teleportation {!r, unknown}
 l - 2 scrolls of amnesia {!r, unknown}
 m - 3 scrolls of remove curse {!r, unknown}
 n - 2 scrolls of blinking {!r, unknown}
 q - a scroll of fog {!r, unknown}
 r - 4 scrolls of identify {!r, unknown}
Potions
 i - a potion of curing {!q, unknown}
 j - a potion of haste {!q}
 o - a potion of degeneration {!q, unknown}
 u - a potion of invisibility {!q, unknown}
Comestibles
 f - 4 rations
 h - 7 chunks of flesh


   Skills:
 - Level 1.7(1.0) Fighting
 + Level 5.4(4.6) Short Blades
 - Level 1.7(1.0) Throwing
 - Level 2.4(1.6) Dodging


You had 4 spell levels left.
You didn't know any spells.

Dungeon Overview and Level Annotations

Branches:
Dungeon (3/15)

Altars:
Okawaru
Sif Muna

Annotations:
D:3 mortelune's ghost, amateur DrFE


Innate Abilities, Weirdness & Mutations

You have extremely sharp teeth.
Your natural rate of healing is unusually fast.
When hurt, damage is shared between your health and your magic reserves.
Your bite disrupts and absorbs the magic of your enemies.
Potions cannot restore your health.
You are immune to rotting.


Message History

You closely miss Terence.
Terence is almost dead.
Terence shouts, "DIE!!!"
Terence hits you but does no damage.
You barely miss Terence. You bite Terence, but do no damage.
Terence is almost dead.
Terence hits you but does no damage.
You puncture Terence!
You kill Terence!
Okawaru accepts your kill.
Found a scroll labeled DACKOQIROCU.
Things that are here:
a hand axe; a chain mail; the human corpse of Terence You butcher the human corpse of Terence.
h - 7 chunks of flesh (gained 2)
Things that are here:
a hand axe; a chain mail
Things that are here:
a hand axe; a chain mail You see here a ring mail.
r - 4 scrolls labeled DACKOQIROCU {!r} (gained 1)
A kobold comes into view. It is wielding a whip.
The kobold shouts!
A kobold is nearby!
Mortelune's ghost (amateur Draconian Fire Elementalist) comes into view.
It is wielding a weapon of draining.
Mortelune's ghost turns its malevolent gaze towards you.
Press: ? - help, v - describe, . - travel
Here: mortelune's ghost, wielding a weapon of draining The floor.
You barely miss mortelune's ghost. Mortelune's ghost casts a spell at you.
The flame tongue hits you!
You hit mortelune's ghost.
Mortelune's ghost is lightly damaged.
Mortelune's ghost hits you.
You feel drained.
* * * LOW HITPOINT WARNING * * *
You puncture mortelune's ghost!
You bite mortelune's ghost, but do no damage.
Mortelune's ghost is moderately damaged.
Mortelune's ghost hits you.
* * * LOW HITPOINT WARNING * * *
You feel drained.
* * * LOW HITPOINT WARNING * * *
Really quaff
j - 2 sapphire potions {!q}?
It was a potion of haste {!q}.
You feel yourself speed up. Mortelune's ghost hits you.
* * * LOW HITPOINT WARNING * * *
You feel drained.
* * * LOW HITPOINT WARNING * * *
You barely miss mortelune's ghost.
Mortelune's ghost is moderately damaged.
You hit mortelune's ghost. You bite mortelune's ghost.
Mortelune's ghost's magic leaks into the air.
You drain its magic.
You feel invigorated.
Mortelune's ghost is heavily damaged.
Mortelune's ghost gestures at you while chanting.
The puff of flame hits you!
* * * LOW HITPOINT WARNING * * *
You closely miss mortelune's ghost.
Mortelune's ghost is heavily damaged.
You closely miss mortelune's ghost.
Mortelune's ghost is heavily damaged.
Mortelune's ghost hits you.
You die...

.
############...#
#.....@WK...#
#.########....#
#.# ....# #.#
..## #.# ... #.#
## #.# #.# #[#


You could see mortelune's ghost and a kobold.

Vanquished Creatures
  Terence (D:3)
  4 gnolls
  3 adders
  2 oozes (D:3)
  2 dart slugs (D:1)
  A leopard gecko (D:1)
  A giant cockroach (D:2)
  7 goblins
  7 hobgoblins
  9 jackals
  A quokka (D:2)
  3 bats (D:1)
  5 frilled lizards
  4 kobolds
  6 rats
56 creatures vanquished.

Notes
Turn   | Place    | Note
-------+----------+-------------------------------------------
     0 | D:1      | Amnesiac the Vine Stalker Gladiator began the quest for the Orb.
     0 | D:1      | Reached XP level 1. HP: 11/11 MP: 2/2
    38 | D:1      | Reached skill level 3 in Short Blades
    59 | D:1      | Reached XP level 2. HP: 15/15 MP: 3/3
   857 | D:2      | Reached XP level 3. HP: 6/18 MP: 2/4
   862 | D:2      | Reached skill level 4 in Short Blades
  1223 | D:2      | Found an iron altar of Okawaru.
  1368 | D:2      | Became a worshipper of Warmaster Okawaru
  1475 | D:2      | Gained mutation: Your natural rate of healing is unusually fast. [Vine Stalker growth]
  1475 | D:2      | Reached XP level 4. HP: 18/23 MP: 5/5
  1786 | D:2      | Found a deep blue altar of Sif Muna.
  1882 | D:3      | Reached skill level 5 in Short Blades
  1889 | D:3      | Reached XP level 5. HP: 26/26 MP: 6/6
  2028 | D:3      | Noticed Terence
  2063 | D:3      | Killed Terence
  2084 | D:3      | Noticed mortelune's ghost (amateur DrFE)
  2095 | D:3      | HP: 1/26 [mortelune's ghost/puff of flame (6)]
  2097 | D:3      | Slain by mortelune's ghost

Vault maps used:
D:1:      minmay_arrival_stair_chambers
D:2:      okawaru_altar_gauntlet_db, first_ration, lemuel_blue_sif_altar
D:3:      bloody_trog, uniq_terence

Skill      XL: |  1  2  3  4 |
---------------+-------------+-----
Short Blades   | 3 4 5 |  5.4
Fighting       | |  1.7
Throwing       | |  1.7
Dodging        | |  2.4

Action                   |  1- 3 |  4- 6 || total
-------------------------+-------+-------++-------
Melee: Rapier            |    96 |   100 ||   196
       Bite              |    21 |    29 ||    50
Throw: Stone             |    14 |       ||    14
  Use: Potion            |       |     1 ||     1
 Stab: Sleeping          |       |     3 ||     3
  Eat: Chunk             |     2 |     2 ||     4
Armor: Leather armour    |    25 |    15 ||    40
       Plate armour      |       |    23 ||    23
Dodge: Dodged            |    69 |    47 ||   116

Table legend:
 A = Spawn XP
 B = Non-spawn XP
 C = Spawn XP percentage of total XP
 D = Spawn monster count
 E = Non-spawn monster count
 F = Spawn count percentage of total count
 G = Total turns spent on level
                    A         B        C        D         E        F      G
               +---------+---------+-------+---------+---------+-------+---------
         Total |       0 |     228 |   0.0 |       0 |      56 |   0.0 |  2097
               +---------+---------+-------+---------+---------+-------+---------
           D:1 |       0 |      59 |   0.0 |       0 |      18 |   0.0 |   857
           D:2 |       0 |      88 |   0.0 |       0 |      24 |   0.0 |  1016
           D:3 |       0 |      81 |   0.0 |       0 |      14 |   0.0 |   224
               +---------+---------+-------+---------+---------+-------+---------
